 Dungeon Crawl Stone Soup version 0.27.1-33-g824d729ab1 (console) character file.

Game seed: 2819741433231226122

6510 Banquo the Thaumaturge (level 11, -5/70 (72) HPs)
             Began as a Djinni Chaos Knight on Dec 28, 2021.
             Was an Initiate of Ashenzari.
             Killed by divine providence
             ... invoked by an orc priest
              (13 damage)
             ... on level 8 of the Dungeon on Dec 29, 2021.
             The game lasted 01:00:26 (9756 turns).

Banquo the Thaumaturge (Djinni Chaos Knight)        Turns: 9756, Time: 01:00:27

HP:   -5/70 (72)    AC: 10    Str:  7    XL:     11   Next: 20%
Gold: 595           EV: 15    Int: 17    God:    Ashenzari [......] SH:  0 Dex: 19

rFire    + + .     SeeInvis .   a - +3 dagger (venom)
rCold    . . .     Faith    .   (no shield)
rNeg     . . .     Spirit   .   d - +3 leather armour
rPois    ∞         Reflect  .   h - +0 helmet
rElec    .         Harm     .   (no cloak)
rCorr    .         Rampage  .   g - +0 pair of gloves
Will     +....                  (boots unavailable)
Stlth    +.........             f - amulet of regeneration
HPRegen  1.21/turn              y - ring of protection from cold
MPRegen  0.00/turn              R - +6 ring of dexterity

@: flying, very slightly contaminated, lightly drained
A: sickness immunity, fire resistance 2, cold vulnerability 1, float, innate
caster, hp casting, extra vitality 1, iridescent scales 1, deformed body, frail
1, shaggy fur 1, weak 2, MP-powered wands
a: Renounce Religion


You were on level 8 of the Dungeon.
You worshipped Ashenzari.
Ashenzari was noncommittal.
You visited 2 branches of the dungeon, and saw 9 of its levels.
You also visited: Ossuary.

You collected 595 gold pieces.

Inventory:

Hand Weapons
 a - a +3 dagger of venom (weapon)
 b - a +0 short sword of chaos
 t - a +0 dagger of venom
 v - a +0 hunting sling
 C - a +0 war axe
 F - a +0 trident
 I - a +1 flail of holy wrath
 K - a +5 falchion
 M - a +3 scimitar of flaming
 T - a +0 long sword
Missiles
 c - a throwing net
 i - 80 poisoned darts
 m - 288 stones (quivered)
 w - 52 sling bullets
 G - 3 javelins
Armour
 d - a +3 leather armour (worn)
 g - a +0 pair of gloves (worn)
 h - a +0 helmet (worn)
 j - +0 steam dragon scales
 p - a +0 helmet
 D - a +0 kite shield
 H - a +2 robe of positive energy
 L - a +0 tower shield
Magical Staves
 z - a staff of earth
 Q - a staff of poison
Jewellery
 e - a ring of magical power
 f - an amulet of regeneration (around neck)
 y - a ring of protection from cold (left hand)
 R - a +6 ring of dexterity (right hand)
 V - a +6 ring of dexterity
Wands
 s - a wand of flame (17)
 B - a wand of paralysis (4)
 U - a wand of polymorph (4)
Scrolls
 r - 2 scrolls of teleportation
 u - a scroll of summoning
 J - a scroll of silence
 O - a scroll of magic mapping
 S - a scroll of enchant weapon
Potions
 k - 2 potions of mutation
 l - 4 potions of heal wounds
 n - 5 potions of lignification
 o - 3 potions of curing
 q - a potion of cancellation
 x - a potion of brilliance
 A - 4 potions of might
 E - 3 potions of haste
 N - a potion of ambrosia


   Skills:
 * Level 7.7 Fighting
 - Level 7.5 Short Blades
 - Level 4.0 Armour
 - Level 6.4 Dodging
 * Level 1.3 Shields
 + Level 9.4 Spellcasting


You had 14 spell levels left.
You knew the following spells:

 Your Spells              Type           Power      Damage    Failure   Level
a - Freeze                Ice            100%       1d11      1%          1
b - Corpse Rot            Necr/Air       N/A        N/A       1%          2
c - Lesser Beckoning      Tloc           20%        N/A       1%          3
f - Cause Fear            Hex            20%        N/A       2%          4
Y - Summon Ice Beast      Ice/Summ       40%        N/A       2%          4
Your spell library was empty.

Dungeon Overview and Level Annotations

Branches:
Dungeon (8/15)             Temple (1/1) D:4         Ossuary (visited)
   Lair: D:8-11

Altars:
Ashenzari
Cheibriados
Dithmenos
Elyvilon
Fedhas
Gozag
Hepliaklqana
Kikubaaqudgha
Makhleb
Nemelex Xobeh
Okawaru
Qazlal
Ru
Sif Muna
Trog
Uskayaw
Vehumet
Wu Jian
Xom
Yredelemnul
Zin
The Shining One

Portals:
Abyss: D:3

Annotations:
D:3 1 runed translucent door, 2 transporters, Crazy Yiuf; Nixze's ghost, amateur DEVM


Innate Abilities, Weirdness & Mutations

You are immune to sickness and miasma.
You are immune to poison.
Your flesh is very heat resistant. (rF++)
You are vulnerable to cold. (rC-)
You float through the air rather than walking.
You learn spells naturally, not from books.
Your magical power is your life essence.
You have superior vitality. (+4 HP)
You are partially covered in iridescent scales. (AC +2)
Armour fits poorly on your strangely shaped body.
You are frail. (-10% HP)
You are covered in fur. (AC +1)
You are very weak. (Str -4)
You expend health (3 HP) to strengthen your wands.


Message History

Your ice beast freezes the hornet zombie.
The hornet zombie resists.
Unknown command.
You hit the hornet zombie but do no damage.
The hornet zombie is almost destroyed.
The jelly hits your ice beast.
Your ice beast is splashed with acid.
Unknown command.
Casting: Cause Fear (dangerous; 2% risk of failure)
Confirm with . or Enter, or press ? or * to list all spells.
You miscast Cause Fear.
You are very lightly contaminated with residual magic.
Nothing appears to happen.
The hornet zombie barely misses you.
Your ice beast hits the hornet zombie.
Your ice beast freezes the hornet zombie.
The hornet zombie resists.
The hornet zombie is destroyed!
Your ice beast hits the jelly.
Your ice beast freezes the jelly!
Your ice beast is burned by acid!
The jelly hits your ice beast.
Your ice beast is splashed with acid.
Your ice beast seems to be corroded for longer.
Casting: Cause Fear (dangerous; 2% risk of failure)
Confirm with . or Enter, or press ? or * to list all spells.
The jelly looks frightened!
Your ice beast hits the jelly.
The jelly dies!
Unknown command.
You swap places.
The orc priest mumbles some strange prayers to Beogh against you.
Beogh smites you!
* * * LOW HITPOINT WARNING * * *
The orc priest calls down the wrath of Beogh upon you.
Beogh smites you!
* * * LOW HITPOINT WARNING * * *
The orc priest hits you with a +0 club.
* * * LOW HITPOINT WARNING * * *
You hit the orc priest.
The orc priest is poisoned.
Your attack snaps the orc priest out of its fear.
The orc priest is lightly wounded.
The orc priest calls down the wrath of Beogh upon you.
Beogh smites you!
You die...

.....#...#.... #...#
####.#...#..#. #...#
...#.#...##..# ##...#
##.#.#.#..#..# .#....#
#.#.#.#..#..# .#...##
#.#.#.#..#..# ..#...#
##.#.#...##..#####..##..#
...#.#...#..#Y.YY.#..#..#
.###.#.).#......@o...#..#
.# #.#..##...#####...##.#
.# #.#..#.####...####.#.#
.# #.#...##.........###.#
.# #.#.÷......###.......#
.###.#.#####..# ##....###
.....#.# #.## ##..##
####.#.#####.######.##
#.#...Y[Y..†.....#


You could see an orc priest (very poisoned, ally target) and 3 friendly ice
beasts.

Vanquished Creatures
  Sigmund (D:5)
  A steam dragon (D:7)
  Duvessa (D:5)
  A water moccasin (D:7)
  A sky beast (D:8)
  3 ogres
  2 black bears
  3 elf zombies (Ossuary)
  A kobold brigand (D:3)
  A bullfrog (D:8)
  A gnoll sergeant (D:7)
  A scorpion (D:4)
  A wyvern skeleton (D:4)
  2 killer bees (D:8)
  A howler monkey (D:5)
  2 centaur zombies
  2 hounds
  A centaur skeleton (D:4)
  A human zombie (Ossuary)
  3 orc priests
  A bullfrog skeleton (D:4)
  2 scorpion zombies
  Ijyb (D:4)
  4 iguanas
  3 orc wizards
  A hound zombie (D:3)
  5 hound skeletons
  3 mummies (Ossuary)
  A howler monkey zombie (D:7)
  Robin (D:4)
  10 gnolls
  10 adders
  A shadow imp (D:7)
  An ufetubus (D:4)
  6 adder zombies (Ossuary)
  An adder skeleton (D:3)
  A worm (D:4)
  2 dart slugs
  31 orcs
  6 ball pythons
  A bat (D:1)
  6 endoplasms
  A giant cockroach (D:3)
  2 gnoll zombies (Ossuary)
  8 goblins
  8 hobgoblins
  6 jackals
  12 kobolds
  5 quokkas
  A ball python zombie (D:3)
  5 frilled lizards
  A goblin zombie (Ossuary)
  3 hobgoblin zombies (Ossuary)
  4 jackal zombies (Ossuary)
  A kobold zombie (Ossuary)
  An orc zombie (Ossuary)
  5 quokka zombies (Ossuary)
  6 rats
  4 rat zombies (Ossuary)
201 creatures vanquished.

Vanquished Creatures (collateral kills)
  An ugly thing (D:8)
  An efreet (D:8)
  A steam dragon (D:8)
  A vampire mosquito (D:8)
  Edmund (D:6)
  A water moccasin (D:8)
  A hornet zombie (D:8)
  An orc warrior (D:7)
  A necrophage (D:4)
  A sky beast (D:7)
  A centaur (D:8)
  An elf zombie (Ossuary)
  A bullfrog (D:8)
  Dowan (D:5)
  4 killer bees (D:8)
  A water moccasin skeleton (D:6)
  A wight (D:8)
  A jelly (D:8)
  A centaur zombie (D:8)
  An orc priest (D:7)
  An orc wizard (D:8)
  A killer bee zombie (D:8)
  A gnoll (D:2)
  A white imp (D:8)
  3 orcs
  5 goblins (D:4)
  A rat zombie (Ossuary)
36 creatures vanquished.

Vanquished Creatures (others)
  A human (D:5)
  A killer bee zombie (D:8)
  A howler monkey zombie (D:8)
  4 fungi (D:4)
7 creatures vanquished.

Grand Total: 244 creatures vanquished

Notes
Turn   | Place    | Note
-------+----------+-------------------------------------------
     0 | D:1      | Banquo the Djinni Chaos Knight began the quest for the Orb.
     0 | D:1      | Reached XP level 1. HP: 20/20 MP: 0/0
    67 | D:1      | Reached XP level 2. HP: 24/25 MP: 0/0
   466 | D:1      | Reached XP level 3. HP: 30/30 MP: 0/0
   466 | D:1      | Learned a level 1 spell: Freeze
   652 | D:1      | XOM: silly message
   748 | D:2      | XOM: noise
   968 | D:2      | XOM: enchant monster (good)
   976 | D:2      | Reached XP level 4. HP: 35/35 MP: 0/0
   995 | D:2      | XOM: smoke on damage
  1102 | D:2      | XOM: silly message
  1116 | D:2      | Reached skill level 1 in Spellcasting
  1170 | D:2      | Reached XP level 5. HP: 40/40 MP: 0/0
  1170 | D:2      | Learned a level 2 spell: Corpse Rot
  1806 | D:3      | Found a runed translucent door.
  1807 | D:3      | Noticed Crazy Yiuf
  1919 | D:3      | Found a transporter.
  1930 | D:3      | Noticed Nixze's ghost (amateur DEVM)
  1946 | D:3      | Found a transporter.
  1967 | D:3      | XOM: smoke on damage
  2092 | D:3      | XOM: cast spell 'Call Canine Familiar'
  2320 | D:3      | Reached XP level 6. HP: 41/46 MP: 0/0
  2393 | D:3      | XOM: enchant monster (good)
  2427 | D:3      | Reached skill level 2 in Spellcasting
  2487 | D:3      | Found a one-way gate to the infinite horrors of the Abyss.
  2490 | D:3      | Noticed a small abomination
  2577 | D:3      | XOM: cloud trail
  2958 | D:4      | Reached skill level 3 in Spellcasting
  3012 | D:4      | XOM: give mutation
  3012 | D:4      | Gained mutation: You have a pair of small antennae on your
                  | head. [Xom's grace]
  3029 | D:4      | Found an opulent altar of Gozag.
  3037 | D:4      | Reached XP level 7. HP: 50/50 MP: 0/0
  3037 | D:4      | Learned a level 3 spell: Lesser Beckoning
  3076 | D:4      | XOM: enchant monster (good)
  3123 | D:4      | XOM: summons friendly white imp
  3226 | D:4      | Noticed Robin
  3242 | D:4      | Killed Robin
  3352 | D:4      | Reached skill level 4 in Spellcasting
  3446 | D:4      | XOM: silly message
  3523 | D:4      | Found a shadowy altar of Dithmenos.
  3630 | D:4      | Found a staircase to the Ecumenical Temple.
  3676 | Temple   | Entered the Ecumenical Temple
  4078 | D:4      | Noticed Ijyb
  4079 | D:4      | Reached XP level 8. HP: 34/56 MP: 0/0
  4099 | D:4      | Killed Ijyb
  4124 | D:4      | Reached skill level 5 in Spellcasting
  4259 | D:4      | XOM: silly message
  4341 | D:5      | Entered Level 5 of the Dungeon
  4353 | D:5      | Found a sand-covered staircase.
  4371 | Ossuary  | Entered an ossuary
  4595 | Ossuary  | XOM: fog
  4658 | Ossuary  | XOM: summons friendly shadow imp
  4807 | Ossuary  | XOM: confusion
  4990 | Ossuary  | Lost mutation: You have a pair of small antennae on your
                  | head. [potion of mutation]
  4990 | Ossuary  | Gained mutation: You are weak. (Str -2) [potion of
                  | mutation]
  4990 | Ossuary  | Gained mutation: You are frail. (-10% HP) [potion of
                  | mutation]
  4994 | Ossuary  | Reached skill level 6 in Spellcasting
  5030 | Ossuary  | XOM: confusion
  5041 | Ossuary  | XOM: summons friendly shadow imp
  5137 | D:5      | Noticed Sigmund
  5286 | D:5      | Noticed Dowan
  5289 | D:5      | XOM: give mutations
  5289 | D:5      | Gained mutation: You are dopey. (Int -2) [Xom's mischief]
  5289 | D:5      | Gained mutation: You are very weak. (Str -4) [Xom's
                  | mischief]
  5289 | D:5      | Gained mutation: You are clumsy. (Dex -2) [Xom's mischief]
  5289 | D:5      | Gained mutation: Armour fits poorly on your strangely
                  | shaped body. [Xom's mischief]
  5293 | D:5      | XOM: stat loss: -1 Dex (10/11)
  5325 | D:4      | XOM: give mutations
  5325 | D:4      | Lost mutation: You are frail. (-10% HP) [Xom's mischief]
  5325 | D:4      | Gained mutation: You sometimes lose the ability to read
                  | scrolls when taking damage. [Xom's mischief]
  5325 | D:4      | Gained mutation: Your body sometimes deteriorates upon
                  | taking damage. [Xom's mischief]
  5570 | D:5      | XOM: summons 5 hostile demons
  5571 | D:5      | Noticed a ynoxinul
  5604 | D:5      | XOM: polymorph ogre -> rat
  5658 | D:5      | Reached XP level 9. HP: 49/62 MP: 0/0
  5658 | D:5      | Learned a level 4 spell: Summon Ice Beast
  5672 | D:5      | XOM: blink monster(s)
  5697 | D:5      | Noticed Duvessa
  5714 | D:5      | XOM: scenery: summon butterflies
  5754 | D:5      | Killed Duvessa
  5757 | D:5      | Killed Dowan
  5758 | D:5      | XOM: 3-stop teleportation journey
  5761 | D:5      | XOM: cleaving
  5878 | D:5      | Killed Sigmund
  5905 | D:5      | XOM: smoke on damage
  5989 | D:5      | Found a sparkling altar of Nemelex Xobeh.
  6502 | D:6      | XOM: give mutations
  6502 | D:6      | Gained mutation: You are covered in fur. (AC +1) [Xom's
                  | grace]
  6502 | D:6      | Lost mutation: You are dopey. (Int -2) [Xom's grace]
  6542 | D:6      | Reached skill level 5 in Short Blades
  6542 | D:6      | Reached skill level 7 in Spellcasting
  6545 | D:6      | Noticed Edmund
  6557 | D:6      | Killed Edmund
  6839 | D:6      | XOM: divination: detect items
  7026 | D:6      | XOM: torment (33/64 hp)
  7090 | D:6      | XOM: give mutations
  7090 | D:6      | Gained mutation: You are frail. (-10% HP) [Xom's mischief]
  7090 | D:6      | Lost mutation: Your body sometimes deteriorates upon taking
                  | damage. [Xom's mischief]
  7090 | D:6      | Lost mutation: Armour fits poorly on your strangely shaped
                  | body. [Xom's mischief]
  7090 | D:6      | Lost mutation: You sometimes lose the ability to read
                  | scrolls when taking damage. [Xom's mischief]
  7099 | D:6      | You are sucked into a shaft and drop 2 floors!
  7505 | D:6      | XOM: give mutations
  7505 | D:6      | Gained mutation: You are very frail. (-20% HP) [Xom's
                  | mischief]
  7505 | D:6      | Gained mutation: Armour fits poorly on your strangely
                  | shaped body. [Xom's mischief]
  7505 | D:6      | Lost mutation: You are clumsy. (Dex -2) [Xom's mischief]
  7505 | D:6      | Lost mutation: You are very frail. (-20% HP) [Xom's
                  | mischief]
  7520 | D:7      | Reached skill level 5 in Fighting
  8007 | D:6      | XOM: give mutation
  8007 | D:6      | Gained mutation: You expend health (3 HP) to strengthen
                  | your wands. [Xom's grace]
  8047 | D:7      | XOM: cloud trail
  8534 | D:8      | XOM: give mutation
  8534 | D:8      | Gained mutation: You are partially covered in iridescent
                  | scales. (AC +2) [Xom's mischief]
  8872 | D:8      | Found a broken altar of Ashenzari.
  8879 | D:8      | Fell from the grace of Xom
  8879 | D:8      | Became a worshipper of Ashenzari the Shackled
  8917 | D:8      | Reached XP level 10. HP: 62/63 MP: 0/0
  8917 | D:8      | Reached skill level 9 in Spellcasting
  8917 | D:8      | Reached XP level 11. HP: 70/71 MP: 0/0
  8917 | D:8      | Learned a level 4 spell: Cause Fear
  8917 | D:8      | XOM: draining
  9360 | D:8      | Noticed a white ugly thing
  9388 | D:8      | Killed a white ugly thing
  9412 | D:8      | Reached skill level 1 in Shields
  9591 | D:8      | XOM: summons 2 hostile shadow creatures
  9592 | D:8      | Noticed a two-headed ogre
  9756 | D:8      | Killed from afar by an orc priest

Illustrated notes

Levels and vault maps discovered:
D:1:      minmay_arrival_semitransparent, layout_loops_cross
D:2:      layout_rooms, cheibrodos_gnoll_hut
D:3:      cheibrodos_thug_alley, layout_loops_corners,
          gammafunk_ghost_abyssal_escape, serial_undead, serial_undead_a,
          serial_undead_d, serial_undead_a, serial_undead_b,
          uniq_crazy_yiuf_cottage
D:4:      layout_loops_cross, mainiacjoe_overflow_tiny_flanked,
          mainiacjoe_overflow_paths, minmay_temple_entry_large_hall,
          serial_aquarium, aquarium_bridge_straight [aquarium_subvault_bridge,
          aquarium_subvault_wall, aquarium_subvault_bridge,
          aquarium_subvault_wall], aquarium_bridge_straight
          [aquarium_subvault_bridge, aquarium_subvault_window,
          aquarium_subvault_bridge, aquarium_subvault_balcony],
          aquarium_window_double, aquarium_window_1, aquarium_view_2f,
          aquarium_balcony_5b, minmay_between, uniq_robin, uniq_ijyb
D:5:      layout_rooms, kennysheep_little_box, tgw_kikubaaqudgha,
          vehumet_crystals, nicolae_ossuary_entry_ruins, minivault_4,
          uniq_sigmund, uniq_duvessa
D:6:      layout_basic, uniq_edmund
D:7:      layout_layer_cave
D:8:      layout_basic, ashenzari_altar_1, minmay_pinched_square
Temple:   eino_temple_rhombus

Skill      XL: |  1  2  3  4  5  6  7  8  9 10 11 |
---------------+----------------------------------+-----
Short Blades   | 3 5 7 |  7.5
Armour         | 2 3 4 |  4.0
Spellcasting   | 1 3 4 6 7 9 |  9.4
Fighting       | 5 7 |  7.7
Dodging        | 3 6 |  6.4
Shields        | 1 |  1.3

Action                   |  1- 3 |  4- 6 |  7- 9 | 10-12 || total
-------------------------+-------+-------+-------+-------++-------
Melee: Short sword       |    84 |    73 |   328 |     5 ||   490
       Dagger            |       |   157 |   429 |    67 ||   653
 Cast: Summon Ice Beast  |       |       |    17 |    24 ||    41
       Cause Fear        |       |       |       |     6 ||     6
       Freeze            |       |       |       |     4 ||     4
  Use: Scroll            |       |       |    10 |       ||    10
       Potion            |       |       |     3 |     1 ||     4
 Stab: Paralysed         |       |       |     3 |       ||     3
       Sleeping          |       |       |     1 |       ||     1
Armor: Leather armour    |    31 |    59 |   180 |    19 ||   289
Dodge: Dodged            |    48 |    93 |   329 |    46 ||   516
